BR (22 & UNDER)
SAN FRANCISCO MACHO MEN @ QUINCY DOUGHBOYS
09/16/2028
 
TOP OF THE 1ST
San Francisco Macho Men batting - Pitching for Quincy Doughboys : LHP Tomás Prieto
Pitching: LHP Tomás Prieto
Batting: RHB Júlio Serra 0-0: Called Strike
0-1: Foul Ball, location: 2F
0-2: Ball
1-2: Ball
2-2: Strikes out looking
Batting: RHB Miguel Ramos 0-0: Ball
1-0: SINGLE (Line Drive, 6D)
Batting: LHB Ernesto Hernández 0-0: Ball
1-0: Fly out, F8 (Line Drive, 8LM)
Batting: RHB Ánibal López 0-0: SINGLE (Line Drive, 78S)
Miguel Ramos to second
Batting: RHB Phil Rowlett 0-0: Ball
1-0: Foul Ball, location: 2F
1-1: Ball
2-1: Fly out, F9 (Flyball, 9LS)
Top of the 1st over - 0 run(s), 2 hit(s), 0 error(s), 2 left on base; San Francisco 0 - Quincy 0
BOTTOM OF THE 1ST
Quincy Doughboys batting - Pitching for San Francisco Macho Men : RHP José Zamora
Pitching: RHP José Zamora
Batting: RHB Pedro Zavala 0-0: Foul Ball, location: 2F
0-1: Ground out 5-3 (Groundball, 56S)
Batting: RHB Rick Holman 0-0: Swinging Strike
0-1: Ball
1-1: Ball
2-1: Ball
3-1: Ground out 6-3 (Groundball, 56)
Batting: RHB Gilberto Bautista 0-0: Called Strike
0-1: Ball
1-1: TRIPLE (Line Drive, 9LM)
Batting: RHB Keith Gamble 0-0: Called Strike
0-1: Ball
1-1: Fly out, F6 (Popup, 5D)
Bottom of the 1st over - 0 run(s), 1 hit(s), 0 error(s), 1 left on base; San Francisco 0 - Quincy 0
TOP OF THE 2ND
San Francisco Macho Men batting - Pitching for Quincy Doughboys : LHP Tomás Prieto
Batting: LHB Ángel De Jesús 0-0: Swinging Strike
0-1: SINGLE (Groundball, 34D)
Batting: RHB Lawrence Pérez 0-0: Called Strike
0-1: Ball
1-1: Swinging Strike
1-2: Strikes out looking
Batting: RHB Bob Jones 0-0: Ball
1-0: Called Strike
1-1: Swinging Strike
1-2: Foul Ball, location: 2F
1-2: Ball
2-2: Strikes out swinging
Batting: RHB Dave MacGruder 0-0: Ball
1-0: DOUBLE (Line Drive, 89D)
Ángel De Jesús to third
Runner from 3rd tries for Home, throw and OUT!
Top of the 2nd over - 0 run(s), 2 hit(s), 0 error(s), 1 left on base; San Francisco 0 - Quincy 0
BOTTOM OF THE 2ND
Quincy Doughboys batting - Pitching for San Francisco Macho Men : RHP José Zamora
Now at C: Pedro Pérez
Batting: RHB Miguel Martínez 0-0: Called Strike
0-1: Fly out, F9 (Flyball, 9LS)
Batting: RHB Ben Martin 0-0: Called Strike
0-1: Ball
1-1: Foul Ball, location: 2F
1-2: Ground out U3 (Groundball, 34)
Batting: SHB Ramón Minas 0-0: SINGLE (Line Drive, 89S)
Batting: LHB Rob Johnson 0-0: Ball
1-0: Foul Ball, location: 2F
1-1: Ball
2-1: Foul Ball, location: 2F
2-2: Strikes out swinging
Bottom of the 2nd over - 0 run(s), 1 hit(s), 0 error(s), 1 left on base; San Francisco 0 - Quincy 0
TOP OF THE 3RD
San Francisco Macho Men batting - Pitching for Quincy Doughboys : LHP Tomás Prieto
Batting: RHB Júlio Serra 0-0: Called Strike
0-1: Ball
1-1: Ground out 6-3 (Groundball, 6)
Batting: RHB Miguel Ramos 0-0: Called Strike
0-1: Ball
1-1: Ball
2-1: Ball
3-1: Foul Ball, location: 2F
3-2: Strikes out looking
Batting: LHB Ernesto Hernández 0-0: Ball
1-0: Fly out, F7 (Flyball, 7)
Top of the 3rd over - 0 run(s), 0 hit(s), 0 error(s), 0 left on base; San Francisco 0 - Quincy 0
BOTTOM OF THE 3RD
Quincy Doughboys batting - Pitching for San Francisco Macho Men : RHP José Zamora
Batting: RHB Ramiro Villescaz 0-0: Ball
1-0: Foul Ball, location: 2F
1-1: Ball
2-1: Ball
3-1: Foul Ball, location: 2F
3-2: Base on Balls
Batting: RHB Pedro Zavala 0-0: Called Strike
0-1: Ball
1-1: Ball
2-1: Called Strike
2-2: Ball
3-2: Ground out 5-3 (Groundball, 56S)
Ramiro Villescaz to second
Batting: RHB Rick Holman 0-0: Called Strike
0-1: Ball
1-1: Foul Ball, location: 2F
1-2: Ground out 4-3 (Groundball, 4)
Ramiro Villescaz to third
Batting: RHB Gilberto Bautista 0-0: Ball
1-0: Called Strike
1-1: Foul Ball, location: 2F
1-2: Ball
2-2: Foul Ball, location: 2F
2-2: Ball
3-2: SINGLE (Line Drive, 89S)
Ramiro Villescaz scores
Batting: RHB Keith Gamble 0-0: Called Strike
0-1: Ball
1-1: Swinging Strike
1-2: Foul Ball, location: 2F
1-2: Strikes out swinging
Bottom of the 3rd over - 1 run(s), 1 hit(s), 0 error(s), 1 left on base; San Francisco 0 - Quincy 1
TOP OF THE 4TH
San Francisco Macho Men batting - Pitching for Quincy Doughboys : LHP Tomás Prieto
Batting: RHB Ánibal López 0-0: Reached on error, E4 (Groundball, 4)
Batting: RHB Phil Rowlett 0-0: Called Strike
0-1: Called Strike
0-2: Ball
1-2: Foul Ball, location: 2F
1-2: Fly out, F7 (Flyball, 7)
Batting: RHB Pedro Pérez 0-0: Called Strike
0-1: Ball
Pickoff Throw to First - Out!
1-1: Swinging Strike
1-2: Ground out 6-3 (Groundball, 6)
Top of the 4th over - 0 run(s), 0 hit(s), 1 error(s), 0 left on base; San Francisco 0 - Quincy 1
BOTTOM OF THE 4TH
Quincy Doughboys batting - Pitching for San Francisco Macho Men : RHP José Zamora
Batting: RHB Miguel Martínez 0-0: Called Strike
0-1: Ball
1-1: Called Strike
1-2: Ball
2-2: Strikes out swinging
Batting: RHB Ben Martin 0-0: Called Strike
0-1: Ball
1-1: Called Strike
1-2: Ball
2-2: Foul Ball, location: 2F
2-2: Fly out, F9 (Line Drive, 89M)
Batting: SHB Ramón Minas 0-0: SOLO HOME RUN (Flyball, 9D), Distance : 355 ft
Batting: LHB Rob Johnson 0-0: SINGLE (Groundball, 34D)
Batting: RHB Ramiro Villescaz 0-0: 2-RUN HOME RUN (Flyball, 78XD), Distance : 439 ft
Batting: RHB Pedro Zavala 0-0: Ball
1-0: Called Strike
1-1: Ball
2-1: SINGLE (Flyball, 8LS)
Batting: RHB Rick Holman 0-0: Ball
1-0: Foul Ball, location: 2F
1-1: Called Strike
1-2: Foul Ball, location: 2F
1-2: Ball
2-2: SINGLE (Line Drive, 6D)
Pedro Zavala to second
Batting: RHB Gilberto Bautista 0-0: Ball
1-0: Called Strike
1-1: Ground out 1-3 (Groundball, 13S)
Bottom of the 4th over - 3 run(s), 5 hit(s), 0 error(s), 2 left on base; San Francisco 0 - Quincy 4
TOP OF THE 5TH
San Francisco Macho Men batting - Pitching for Quincy Doughboys : LHP Tomás Prieto
Batting: RHB Lawrence Pérez 0-0: Called Strike
0-1: Ground out 5-3 (Groundball, 56)
Batting: RHB Bob Jones 0-0: Called Strike
0-1: Swinging Strike
0-2: Ball
1-2: Foul Ball, location: 2F
1-2: Strikes out swinging
Batting: RHB Dave MacGruder 0-0: Swinging Strike
0-1: Fly out, F7 (Flyball, 7S)
Top of the 5th over - 0 run(s), 0 hit(s), 0 error(s), 0 left on base; San Francisco 0 - Quincy 4
BOTTOM OF THE 5TH
Quincy Doughboys batting - Pitching for San Francisco Macho Men : RHP José Zamora
Pitching: RHP Carlos Martínez
Batting: RHB Keith Gamble 0-0: Called Strike
0-1: Ball
1-1: Called Strike
1-2: Foul Ball, location: 2F
1-2: Fly out, F8 (Line Drive, 78D)
Batting: RHB Miguel Martínez 0-0: Foul Ball, location: 2F
0-1: Fly out, F9 (Flyball, 9)
Batting: RHB Ben Martin 0-0: Swinging Strike
0-1: Foul Ball, location: 2F
0-2: Strikes out swinging
Bottom of the 5th over - 0 run(s), 0 hit(s), 0 error(s), 0 left on base; San Francisco 0 - Quincy 4
TOP OF THE 6TH
San Francisco Macho Men batting - Pitching for Quincy Doughboys : LHP Tomás Prieto
Batting: RHB Júlio Serra 0-0: Ball
1-0: Fly out, F4 (Line Drive, 4)
Batting: RHB Miguel Ramos 0-0: Ball
1-0: Ball
2-0: Called Strike
2-1: SINGLE (Groundball, 6MD)
Batting: LHB Ernesto Hernández 0-0: Ball
1-0: Called Strike
1-1: Ball
2-1: Fielders Choice at 2nd, 4-6 (Groundball, 4)
Batting: RHB Ánibal López 0-0: Ball
1-0: Called Strike
1-1: Ball
2-1: Ball
3-1: Foul Ball, location: 2F
3-2: Strikes out looking
Top of the 6th over - 0 run(s), 1 hit(s), 0 error(s), 1 left on base; San Francisco 0 - Quincy 4
BOTTOM OF THE 6TH
Quincy Doughboys batting - Pitching for San Francisco Macho Men : RHP Carlos Martínez
Batting: SHB Ramón Minas 0-0: SINGLE (Line Drive, 56)
Batting: LHB Rob Johnson 0-0: Fly out, F9 (Line Drive, 89M)
Batting: RHB Ramiro Villescaz 0-0: Called Strike
0-1: Ball
1-1: Foul Ball, location: 2F
1-2: Foul Ball, location: 2F
1-2: Ball
2-2: Strikes out looking
Batting: RHB Pedro Zavala 0-0: Ball
1-0: Swinging Strike
1-1: Fielders Choice at 2nd, 5-4 (Groundball, 56)
Bottom of the 6th over - 0 run(s), 1 hit(s), 0 error(s), 0 left on base; San Francisco 0 - Quincy 4
TOP OF THE 7TH
San Francisco Macho Men batting - Pitching for Quincy Doughboys : LHP Tomás Prieto
Batting: RHB Phil Rowlett 0-0: Called Strike
0-1: Ball
1-1: Swinging Strike
1-2: Foul Ball, location: 2F
1-2: Strikes out swinging
Batting: RHB Pedro Pérez 0-0: Ground out 5-3 (Groundball, 5S)
Batting: RHB Lawrence Pérez 0-0: Called Strike
0-1: Ball
1-1: Fly out, F9 (Flyball, 9LSF)
Top of the 7th over - 0 run(s), 0 hit(s), 0 error(s), 0 left on base; San Francisco 0 - Quincy 4
BOTTOM OF THE 7TH
Quincy Doughboys batting - Pitching for San Francisco Macho Men : RHP Carlos Martínez
Batting: RHB Rick Holman 0-0: Swinging Strike
0-1: Foul Ball, location: 2F
0-2: Ball
1-2: Foul Ball, location: 2F
1-2: Foul Ball, location: 2F
1-2: Ball
2-2: Foul Ball, location: 2F
2-2: Strikes out swinging
Batting: RHB Gilberto Bautista 0-0: Ball
1-0: Called Strike
1-1: Ball
2-1: Foul Ball, location: 2F
2-2: Strikes out looking
Batting: RHB Keith Gamble 0-0: Foul Ball, location: 2F
0-1: Foul Ball, location: 2F
0-2: Strikes out swinging
Bottom of the 7th over - 0 run(s), 0 hit(s), 0 error(s), 0 left on base; San Francisco 0 - Quincy 4
TOP OF THE 8TH
San Francisco Macho Men batting - Pitching for Quincy Doughboys : LHP Tomás Prieto
Pitching: LHP Joey Krause
Batting: RHB Bob Jones 0-0: Called Strike
0-1: Foul Ball, location: 2F
0-2: Ball
1-2: Foul Ball, location: 2F
1-2: Fly out, F9 (Flyball, 9LS)
Batting: RHB Dave MacGruder 0-0: Ball
1-0: Ball
2-0: Ball
3-0: Called Strike
3-1: Called Strike
3-2: Strikes out looking
Batting: RHB Júlio Serra 0-0: Ball
1-0: Ball
2-0: Called Strike
2-1: Foul Ball, location: 2F
2-2: Strikes out swinging
Top of the 8th over - 0 run(s), 0 hit(s), 0 error(s), 0 left on base; San Francisco 0 - Quincy 4
BOTTOM OF THE 8TH
Quincy Doughboys batting - Pitching for San Francisco Macho Men : RHP Carlos Martínez
Pitching: RHP Ryuichi Ohayashi
Batting: RHB Miguel Martínez 0-0: Ball
1-0: Foul Ball, location: 2F
1-1: Swinging Strike
1-2: Strikes out swinging
Batting: RHB Ben Martin 0-0: Called Strike
0-1: Fly out, F7 (Flyball, 78S)
Batting: SHB Ramón Minas 0-0: Fly out, F8 (Flyball, 8RXD)
Bottom of the 8th over - 0 run(s), 0 hit(s), 0 error(s), 0 left on base; San Francisco 0 - Quincy 4
TOP OF THE 9TH
San Francisco Macho Men batting - Pitching for Quincy Doughboys : LHP Joey Krause
Batting: RHB Miguel Ramos 0-0: Ground out 6-3 (Groundball, 6)
Batting: LHB Ernesto Hernández 0-0: Ground out 6-3 (Groundball, 6M)
Batting: RHB Ánibal López 0-0: Called Strike
0-1: Swinging Strike
0-2: Ball
1-2: Ground out 5-3 (Groundball, 56)
Top of the 9th over - 0 run(s), 0 hit(s), 0 error(s), 0 left on base; San Francisco 0 - Quincy 4
Tuesday, August 8th, 2017 - OOTP Baseball 17.12 Build 75